[Event "Team 45 45 League T40"]
[Site "Internet Chess Club"]
[Date "2009.02.01"]
[Round "1"]
[White "Invicta-Knight"]
[Black "BotanicalKnight"]
[Result "1/2-1/2"]
[WhiteElo "1547"]
[BlackElo "1587"]
[Opening "Caro-Kann: classical, Spassky variation"]
[ECO "B18"]
[Time "09:25:11"]
[TimeControl "2700+45"]

1. e4 c6 2. d4 d5 3. Nc3 dxe4 4. Nxe4 Bf5 5. Ng3 Bg6 6. Nf3 Nd7 7. h4 h6 8. h5
Bh7 9. Bd3 Bxd3 10. Qxd3 Qc7 11. Be3 e6 12. O-O-O O-O-O 13. Ne4 Be7 14. c4 Ngf6
15. Nxf6 Bxf6 16. Qa3 Kb8 17. d5 c5 18. Rd2 b6 19. Rhd1 exd5 20. Rxd5 Nf8 21.
Qa6 Rxd5 22. cxd5 Nd7 23. g3 Qb7 24. Bf4+ Ka8 25. Qxb7+ Kxb7 26. Kc2 Re8 27. Rd2
a6 28. a4 Re4 29. b3 c4 30. bxc4 Rxc4+ 31. Kd1 Rxa4 32. Re2 Ra1+ 33. Bc1 Nc5 34.
Kc2 Ra2+ 35. Kd1 Ra1 36. Kc2 Ra2+ 37. Kd1 Ra1 {Game drawn by repetition} 1/2-1/2

[Event "Team 45 45 League T40"]
[Site "Internet Chess Club"]
[Date "2009.01.30"]
[Round "1"]
[White "Sir-Anthony"]
[Black "stputte"]
[Result "0-1"]
[WhiteElo "1534"]
[BlackElo "1374"]
[Opening "Benoni: 6.e4"]
[ECO "A65"]
[Time "20:00:23"]
[TimeControl "2700+45"]

1. c4 Nf6 2. d4 c5 3. d5 e6 4. Nc3 exd5 5. cxd5 d6 6. e4 g6 7. Qc2 Bg7 8. Nf3
O-O 9. a4 Re8 10. Be2 Nxe4 11. Nxe4 Bf5 12. Nfd2 Qe7 13. Bd3 Bxe4 14. Nxe4 f5
15. O-O fxe4 16. Bb5 Nd7 17. Re1 Rad8 18. Ra3 Qe5 19. Rae3 Nf6 20. Bxe8 Rxe8 21.
Qe2 Qxd5 22. b3 Qc6 23. Bb2 d5 24. Bxf6 Bxf6 25. f3 Bd4 26. Kf1 Bxe3 27. Qxe3 d4
28. Qc1 e3 29. Re2 Rc8 30. Qc4+ Kg7 31. g4 Qxf3+ {White resigns} 0-1

[Event "Team 45 45 League T40"]
[Site "Internet Chess Club"]
[Date "2009.01.31"]
[Round "1"]
[White "houseofcook"]
[Black "rd00d"]
[Result "1-0"]
[WhiteElo "1451"]
[BlackElo "1381"]
[Opening "French: Tarrasch, open variation, main line"]
[ECO "C09"]
[Time "14:00:45"]
[TimeControl "2700+45"]

1. e4 e6 2. d4 d5 3. Nd2 c5 4. exd5 exd5 5. Ngf3 Nc6 6. dxc5 Bxc5 7. Nb3 Bb6 8.
Bb5 Ne7 9. O-O a6 10. Bd3 Bf5 11. Bxf5 Nxf5 12. Re1+ Nce7 13. Qd3 Qd7 14. Nfd4
O-O 15. Bg5 f6 16. Bd2 Rac8 17. Bb4 Rfe8 18. Ne6 Nc6 19. Nec5 Nxb4 20. Nxd7
Bxf2+ 21. Kxf2 Nxd3+ 22. cxd3 Rxe1 23. Rxe1 Rc2+ 24. Re2 Rc1 {Black resigns} 1-0

[Event "Team 45 45 League T40"]
[Site "Internet Chess Club"]
[Date "2009.02.01"]
[Round "1"]
[White "Conjurer"]
[Black "JimGaming"]
[Result "0-1"]
[WhiteElo "1306"]
[BlackElo "1289"]
[Opening "English: symmetrical variation"]
[ECO "A37"]
[Time "14:06:45"]
[TimeControl "2700+45"]

1. c4 c5 2. Nc3 g6 3. g3 Bg7 4. Bg2 Nc6 5. Nf3 d6 6. Nd5 e6 7. Nc3 Nge7 8. O-O
O-O 9. Nb5 a6 10. Nc3 e5 11. e4 Rb8 12. d3 Bg4 13. h3 Bxf3 14. Qxf3 Nd4 15. Qg4
h5 16. Qg5 Ne6 17. Qd2 Nd4 18. Nd5 Nxd5 19. exd5 b5 20. b3 bxc4 21. dxc4 f5 22.
Rb1 a5 23. Re1 a4 24. f4 axb3 25. fxe5 Nc2 26. Re2 Nd4 27. Re1 Kh7 28. a4 Ra8
29. e6 Re8 30. Kh2 Rxa4 31. Bb2 Nc2 32. Rf1 Rxc4 33. Qd3 Bxb2 34. Rxb2 Rd4 35.
Qxb3 Nb4 36. Qe3 Qf6 37. Be4 Rxe4 38. Qxe4 Qxb2+ 39. Qg2 Qxg2+ 40. Kxg2 Nxd5 41.
Ra1 {White resigns} 0-1

[Event "Team 45 45 League T40"]
[Site "Internet Chess Club"]
[Date "2009.02.02"]
[Round "1"]
[White "mongmong"]
[Black "ElmerHo"]
[Result "1-0"]
[WhiteElo "1671"]
[BlackElo "1589"]
[Opening "Queen's pawn game"]
[ECO "D04"]
[Time "20:03:27"]
[TimeControl "2700+45"]

1. d4 d5 2. Nf3 Nf6 3. e3 Bg4 4. Nbd2 Nbd7 5. c4 c6 6. b4 a6 7. a3 e6 8. Bb2 Bd6
9. h3 Bxf3 10. Qxf3 O-O 11. Bd3 e5 12. dxe5 Bxe5 13. Bxe5 Nxe5 14. Qe2 dxc4 15.
Bxc4 Nxc4 16. Nxc4 Re8 17. O-O Qe7 18. Rfd1 Rad8 19. Qb2 Qe4 20. Na5 Qe7 21. Qc2
h6 22. Rxd8 Rxd8 23. Rd1 Rxd1+ 24. Qxd1 Ne8 25. Qd4 Qc7 26. Nc4 f6 27. Qe4 Kf7
28. Qd3 b5 29. Na5 c5 30. Qd5+ Ke7 31. Nc6+ {Black resigns} 1-0

[Event "Team 45 45 League T40"]
[Site "Internet Chess Club"]
[Date "2009.02.02"]
[Round "1"]
[White "kidviper"]
[Black "Chess2Play"]
[Result "1-0"]
[WhiteElo "1708"]
[BlackElo "1659"]
[Opening "Sicilian: dragon, Yugoslav attack, 9.Bc4"]
[ECO "B77"]
[Time "09:04:14"]
[TimeControl "2700+45"]

1. e4 c5 2. Nf3 Nc6 3. d4 cxd4 4. Nxd4 g6 5. Nc3 Bg7 6. Be3 Nf6 7. Bc4 d6 8. f3
O-O 9. Qd2 Ne5 10. Bb3 Re8 11. O-O-O a6 12. Bh6 Bh8 13. h4 Nc6 14. Nxc6 bxc6 15.
e5 Nd5 16. Nxd5 cxd5 17. Qxd5 Be6 18. Qxe6 Bxe5 19. Qxf7+ Kh8 20. Rhe1 Qb6 21.
Rxe5 Rg8 22. Rxe7 {Black resigns} 1-0

[Event "Team 45 45 League T40"]
[Site "Internet Chess Club"]
[Date "2009.02.01"]
[Round "1"]
[White "az2112"]
[Black "basserben"]
[Result "1-0"]
[WhiteElo "1765"]
[BlackElo "1689"]
[Opening "QGD: Marshall defense"]
[ECO "A50"]
[Time "13:00:39"]
[TimeControl "2700+45"]

1. d4 Nf6 2. c4 d5 3. Nc3 Bf5 4. Nf3 Nc6 5. e3 e6 6. a3 Ne4 7. Bd2 Qf6 8. cxd5
Nxc3 9. bxc3 exd5 10. c4 dxc4 11. Bxc4 Bd6 12. h3 Be4 13. O-O Bxf3 14. Qxf3 Qxf3
15. gxf3 O-O 16. Bd5 Nd8 17. e4 c6 18. Bb3 a5 19. e5 a4 20. Bc2 Be7 21. f4 Ne6
22. Be3 Rfd8 23. Rfd1 Nc7 24. Be4 Nb5 25. d5 Bxa3 26. dxc6 Rxd1+ 27. Rxd1 bxc6
28. Bxc6 Nc3 29. Rd3 Ne2+ 30. Kf1 Nc1 31. Rxa3 Rc8 32. Rxa4 g6 33. Ra8 Rxa8 34.
Bxa8 Nd3 35. Be4 Nb2 36. Bd4 Nc4 37. Ke2 f5 38. Bd5+ {Black resigns} 1-0

[Event "Team 45 45 League T40"]
[Site "Internet Chess Club"]
[Date "2009.02.03"]
[Round "1"]
[White "islanderpfeifer"]
[Black "Dostoy"]
[Result "0-1"]
[WhiteElo "1598"]
[BlackElo "1668"]
[Opening "Queen's pawn game"]
[ECO "D04"]
[Time "18:34:42"]
[TimeControl "2700+45"]

1. d4 d5 2. Nf3 Nf6 3. e3 Bf5 4. Bd3 Bxd3 5. cxd3 e6 6. Nbd2 c5 7. O-O Nc6 8.
Re1 Qc7 9. a3 Be7 10. dxc5 Bxc5 11. e4 dxe4 12. Nxe4 Nxe4 13. dxe4 O-O 14. e5
Rfd8 15. Qe2 h6 16. Bd2 Rd5 17. Rac1 Rad8 18. Bf4 Qd7 19. b4 Be7 20. b5 Nd4 21.
Nxd4 Rxd4 22. Ra1 Rxf4 23. g3 Rd4 24. Qe3 Qxb5 25. a4 Qd3 26. Qc1 Rc4 27. Qb2 b6
28. a5 Rc2 29. Qb1 Qd2 30. Rf1 Bc5 31. Qe1 Qxe1 32. Raxe1 Rdd2 33. axb6 axb6 34.
Ra1 Rxf2 35. Rxf2 Rxf2 36. Kh1 Bd4 37. Ra8+ Kh7 38. Rb8 Re2 39. Rb7 Kg6 40. h3
Rxe5 41. Kg2 Re3 42. h4 e5 43. h5+ Kf6 44. Kf2 Rb3+ 45. Kg2 Ke6 46. g4 e4 47.
Rb8 Rb2+ 48. Kg3 Kd5 49. Rd8+ Kc4 50. Rc8+ Kd3 51. Rd8 e3 52. Rd7 e2 53. Rxd4+
Kxd4 54. Kf2 Kd3 55. Ke1 Rb1+ {White resigns} 0-1

[Event "Team 45 45 League T40"]
[Site "Internet Chess Club"]
[Date "2009.01.31"]
[Round "1"]
[White "Toalla"]
[Black "SenecaOne"]
[Result "0-1"]
[WhiteElo "1219"]
[BlackElo "1370"]
[Opening "Réti: King's Indian attack"]
[ECO "A05"]
[Time "10:11:12"]
[TimeControl "2700+45"]

1. Nf3 Nf6 2. g3 g6 3. Bg2 Bg7 4. O-O c6 5. c3 O-O 6. Re1 h5 7. d3 d6 8. e4 e5
9. Nbd2 Bd7 10. Nc4 Qc7 11. a4 b5 12. axb5 cxb5 13. Ne3 a5 14. Bd2 Bc6 15. Rc1
Nbd7 16. c4 Qb7 17. Nd5 Bxd5 18. cxd5 Rfc8 19. Be3 Rxc1 20. Qxc1 Rc8 21. Qd2 b4
22. Rc1 Ng4 23. h3 Nxe3 24. fxe3 Nc5 25. Qd1 Bh6 26. Kf2 Rc7 27. h4 Qb6 28. Ng5
Re7 29. Rc4 Qb5 30. d4 Qxc4 {White resigns} 0-1

[Event "Team 45 45 League T40"]
[Site "Internet Chess Club"]
[Date "2009.01.31"]
[Round "1"]
[White "Folgers"]
[Black "trophyking"]
[Result "1/2-1/2"]
[WhiteElo "2040"]
[BlackElo "2286"]
[Opening "Queen's pawn"]
[ECO "A40"]
[Time "17:59:36"]
[TimeControl "2700+45"]

1. d4 e6 2. Nf3 b6 3. e4 Bb7 4. Bd3 c5 5. O-O cxd4 6. Nxd4 a6 7. Nc3 d6 8. Qe2
Nd7 9. f4 Qc7 10. Nb3 Ngf6 11. a4 Be7 12. Bd2 e5 13. fxe5 dxe5 14. Nd1 O-O 15.
Bc3 Nc5 16. Nxc5 bxc5 17. Nf2 a5 18. b3 Nd7 19. Ng4 h5 20. Ne3 g6 21. Nc4 Kg7
22. Rf3 f6 23. Rg3 Rh8 24. Ne3 Nf8 25. Rf1 Ne6 26. Nf5+ Kh7 27. Nxe7 Qxe7 28.
Bd2 Nd4 29. Qf2 Kg7 30. Be3 h4 31. Rh3 g5 32. Bxd4 cxd4 33. Rf3 Rh6 34. Qd2 Qb4
35. Qxb4 axb4 36. R3f2 Kf7 37. Re1 Ke7 38. Bc4 g4 39. Rd2 Kd6 40. Kf2 Rf8 41.
Bd3 Bc8 42. Kg1 f5 43. exf5 Bxf5 44. Rf1 Rhf6 45. Bxf5 Rxf5 46. Rxf5 Rxf5 47.
Rf2 Rxf2 48. Kxf2 e4 {Game drawn by mutual agreement} 1/2-1/2

[Event "Team 45 45 League T40"]
[Site "Internet Chess Club"]
[Date "2009.02.01"]
[Round "1"]
[White "alexdb"]
[Black "BigTweeds"]
[Result "1/2-1/2"]
[WhiteElo "1989"]
[BlackElo "1972"]
[Opening "Ruy Lopez: Wormald (Alapin) attack"]
[ECO "C77"]
[Time "13:04:12"]
[TimeControl "2700+45"]

1. e4 e5 2. Nf3 Nc6 3. Bb5 a6 4. Ba4 Nf6 5. Qe2 b5 6. Bb3 Bc5 7. d3 h6 8. c3 d6
9. O-O O-O 10. Rd1 Re8 11. Nbd2 d5 12. Nf1 Bg4 13. h3 Bh5 14. g4 Bg6 15. Ng3 d4
16. Nh4 Kh7 17. Nhf5 Qd7 18. Qf3 Ng8 19. Bd5 Rad8 20. c4 bxc4 21. Bxc4 a5 22.
Bb5 Qe6 23. Bd2 Rb8 24. a4 Rb6 25. Rdc1 Bb4 26. Bxb4 axb4 27. Rc5 Na5 28. Bxe8
Nb3 29. Rcc1 Qxe8 30. Qd1 Nxa1 31. Rxa1 Bxf5 32. Nxf5 b3 33. a5 Rb5 34. a6 Qa8
35. Qd2 g6 36. Nh4 Ne7 37. f4 Rb6 38. a7 Nc6 39. fxe5 Nxa7 40. Qf4 Kg7 41. e6
Rxe6 42. Qxc7 Nb5 43. Qxf7+ Kxf7 44. Rxa8 Rb6 45. Nf3 Ke7 46. Ra5 Nc3 47. Nxd4
Nd1 48. Ra3 Nxb2 49. Rxb3 Rxb3 50. Nxb3 Nxd3 51. Kg2 g5 52. Kf3 Kf6 53. Nd4 Nf4
54. h4 h5 55. gxh5 Nxh5 56. hxg5+ Kxg5 57. e5 Ng7 58. Ke4 Kg6 59. Kd5 Kf7 60.
Kd6 Ne8+ 61. Kd7 Ng7 62. Nb5 Kg6 63. Nd6 Kg5 64. Ke7 Kg6 65. Nc4 Nf5+ 66. Ke6
Ng7+ 67. Kd5 Kf7 68. Nd6+ Ke7 69. Nc8+ Kd7 70. Nb6+ Ke7 71. Ke4 {Game drawn by
mutual agreement} 1/2-1/2

[Event "Team 45 45 League T40"]
[Site "Internet Chess Club"]
[Date "2009.01.31"]
[Round "1"]
[White "MeanMrMustard"]
[Black "Wheels"]
[Result "1/2-1/2"]
[WhiteElo "1927"]
[BlackElo "1962"]
[Opening "Sicilian: Grand Prix attack"]
[ECO "B23"]
[Time "11:56:04"]
[TimeControl "2700+45"]

1. e4 c5 2. Nc3 Nc6 3. f4 g6 4. Nf3 Bg7 5. Bb5 Nd4 6. Bd3 d6 7. Nxd4 cxd4 8. Ne2
Nh6 9. c3 dxc3 10. dxc3 O-O 11. O-O Ng4 12. Qe1 Qb6+ 13. Kh1 Bd7 14. h3 Nf6 15.
b3 Rac8 16. Bb2 Bc6 17. Nd4 Nd7 18. Nxc6 Rxc6 19. Rb1 Nc5 20. Bc2 Qa6 21. a3 Nd3
22. Bxd3 Qxd3 23. Rf3 Qa6 24. Qf2 b5 25. f5 Rfc8 26. fxg6 fxg6 27. Rf1 Qb6 28.
Qh4 Qd8 29. Rf7 e6 30. Qxd8+ Rxd8 31. Rxa7 Rf8 32. Rxf8+ Kxf8 33. Rxg7 Kxg7 34.
c4+ Kf7 35. cxb5 Rb6 36. a4 e5 37. Kg1 Ke6 38. Kf2 d5 39. exd5+ Kxd5 40. Ke3 Rb7
{Game drawn by mutual agreement} 1/2-1/2

[Event "Team 45 45 League T40"]
[Site "Internet Chess Club"]
[Date "2009.01.29"]
[Round "1"]
[White "Philly-Boy"]
[Black "jcdios"]
[Result "1/2-1/2"]
[WhiteElo "1803"]
[BlackElo "1921"]
[Opening "QGD semi-Slav"]
[ECO "D43"]
[Time "22:00:03"]
[TimeControl "2700+45"]

1. d4 c6 2. c4 d5 3. Nf3 Nf6 4. Nc3 e6 5. Bg5 a6 6. e3 Be7 7. Qc2 O-O 8. h4 b5
9. cxb5 cxb5 10. Bd3 h6 11. Bxf6 Bxf6 12. g4 Be7 13. Ke2 Nc6 14. Rag1 Nb4 15.
Bh7+ Kh8 16. Qb1 Bb7 17. h5 Rc8 18. g5 Qc7 19. gxh6 gxh6 20. Ne5 f5 21. Bg6 Bf6
22. a3 Bxe5 23. axb4 Qc4+ 24. Qd3 Bd6 25. Rg2 Bxb4 26. Qxc4 Rxc4 27. Kd3 Bxc3
28. bxc3 a5 29. Rhg1 b4 30. cxb4 axb4 31. f4 b3 32. Rb2 Ba6 33. Kd2 Ra4 34. Rc1
Bc4 35. Rg1 Ra2 36. Kc3 Rfa8 37. Rgg2 Ra1 38. Bf7 Re1 39. Rg3 Rc1+ 40. Kd2 Rh1
41. Bxe6 Rxh5 42. Kc3 Rb8 43. Bf7 Rh1 44. Bg6 Rf8 45. Rbg2 Rc1+ 46. Kb2 Rc2+ 47.
Rxc2 bxc2 48. Kxc2 Rg8 49. Kd2 Bb5 50. Ke1 Be8 51. Bxe8 Rxg3 52. Kf2 Rg7 53. Kf3
Kh7 54. Kf2 Rc7 55. Kf3 Kg7 56. Kf2 Kf6 57. Kf3 Rc8 58. Bh5 Rc1 59. Kg2 Rc2+ 60.
Kg3 Rc7 61. Kf2 Rc2+ 62. Kg3 Rc3 63. Kf3 Rc1 64. Kg2 Rc2+ 65. Kg3 Rc7 66. Kf2
Rg7 67. Kf3 Rg1 68. Kf2 Ra1 69. Kg2 Ra3 70. Kf2 Rc3 71. Kf3 Rc2 72. Kg3 Kg7 73.
Bf3 Rc3 74. Kf2 Kf6 75. Bxd5 h5 76. Bg2 h4 77. Bh3 Rc2+ 78. Kf3 Rh2 79. Bf1 Rd2
80. Bh3 Rc2 81. Bg2 Ra2 82. Bh3 Rb2 83. Bg2 Rc2 84. Bh3 Rc7 85. Bf1 Rg7 86. Bg2
Rh7 87. Bh3 Re7 88. Kf2 Rc7 89. Kf3 {Game drawn by mutual agreement} 1/2-1/2

[Event "Team 45 45 League T40"]
[Site "Internet Chess Club"]
[Date "2009.02.01"]
[Round "1"]
[White "chiiwen"]
[Black "nosalt"]
[Result "1/2-1/2"]
[WhiteElo "2061"]
[BlackElo "1990"]
[Opening "Sicilian: Boleslavsky variation, 7.Nb3"]
[ECO "B59"]
[Time "15:01:51"]
[TimeControl "2700+45"]

1. e4 c5 2. Nf3 Nc6 3. d4 cxd4 4. Nxd4 Nf6 5. Nc3 d6 6. Be2 e5 7. Nb3 Be6 8. O-O
Be7 9. Be3 O-O 10. f3 d5 11. exd5 Nxd5 12. Nxd5 Bxd5 13. c4 Be6 14. a3 Qc8 15.
Qc2 Bf5 16. Qc3 Bf6 17. Qc1 Nd4 18. Bxd4 exd4 19. Rd1 Qe6 20. Bd3 Bxd3 21. Rxd3
Rac8 22. c5 Qf5 23. Qc4 Rfd8 24. Rad1 b6 25. c6 b5 26. Qb4 Rxc6 27. Nxd4 Qc5 28.
Qxc5 Rxc5 29. Kf2 Bxd4+ 30. Rxd4 Rxd4 31. Rxd4 Rc2+ 32. Kg3 Kf8 33. Rb4 a6 34.
a4 Rc5 35. axb5 axb5 36. Kf4 Ke7 37. Ke3 Kd6 38. Rd4+ Kc6 39. Rd8 Re5+ 40. Kd2
Kc5 41. Rd7 Rf5 42. Kc3 h5 43. b4+ Kc6 44. Rd4 Re5 45. Rd8 Re2 46. Rd2 Rxd2 47.
Kxd2 Kd6 48. g3 g6 49. Kc2 Ke6 50. Kd2 g5 51. Ke2 Kd5 52. Kd3 g4 53. fxg4 hxg4
54. Ke3 Kc4 55. Kf4 Kxb4 56. Kxg4 Kc4 57. h4 b4 58. h5 b3 59. h6 b2 60. h7 b1=Q
61. h8=Q Qe4+ 62. Kg5 Qe3+ 63. Kg4 Qe2+ 64. Kh3 Qf1+ 65. Kh2 Qf2+ 66. Kh3 {Game
drawn by mutual agreement} 1/2-1/2

[Event "Team 45 45 League T40"]
[Site "Internet Chess Club"]
[Date "2009.02.02"]
[Round "1"]
[White "dnmuscg"]
[Black "martineden"]
[Result "1/2-1/2"]
[WhiteElo "1953"]
[BlackElo "1942"]
[Opening "Robatsch (modern) defense"]
[ECO "B06"]
[Time "10:06:52"]
[TimeControl "2700+45"]

1. e4 g6 2. d4 Bg7 3. c4 d6 4. f4 c5 5. d5 e6 6. Nc3 Bxc3+ 7. bxc3 exd5 8. cxd5
Nf6 9. Qc2 Qe7 10. Bb5+ Nbd7 11. Nf3 Qxe4+ 12. Qxe4+ Nxe4 13. O-O O-O 14. Bb2 a6
15. Bd3 Ndf6 16. Rae1 Re8 17. c4 b5 18. cxb5 axb5 19. Bxb5 Bd7 20. Bxd7 Nxd7 21.
Re2 Rxa2 22. Rfe1 f5 23. Ng5 Rb8 24. Nxe4 fxe4 25. Bc1 Rxe2 26. Rxe2 Nf6 27. Kf2
Rb1 28. Bd2 Rb2 29. Bc1 Rxe2+ 30. Kxe2 Nxd5 31. g3 Kf7 32. Bb2 Ke6 33. Ba1 Kf5
34. h3 h5 35. Bg7 Nf6 36. Bf8 Ke6 37. Ke3 Nd5+ 38. Kxe4 Ne7 39. g4 hxg4 40. hxg4
d5+ 41. Kd3 Kf7 42. Bh6 Ng8 43. Bg5 Nf6 44. f5 Nxg4 45. fxg6+ Kxg6 46. Be7 Ne5+
47. Ke3 d4+ 48. Kd2 c4 49. Bc5 c3+ 50. Kc2 Nc6 51. Bxd4 {Game drawn by mutual
agreement} 1/2-1/2

[Event "Team 45 45 League T40"]
[Site "Internet Chess Club"]
[Date "2009.02.06"]
[Round "1"]
[White "KarloTurk"]
[Black "ivanson"]
[Result "0-1"]
[WhiteElo "1978"]
[BlackElo "1804"]
[Opening "Queen's pawn: Torre attack"]
[ECO "A45"]
[Time "14:59:32"]
[TimeControl "2700+45"]

1. d4 Nf6 2. Bg5 e6 3. Nf3 h6 4. Bxf6 Qxf6 5. e3 d5 6. c4 Bb4+ 7. Nc3 c6 8. a3
Bxc3+ 9. bxc3 O-O 10. cxd5 exd5 11. Be2 Bf5 12. O-O Nd7 13. Bd3 Bg4 14. h3 Bh5
15. g4 Bg6 16. Nh2 Qh4 17. Kg2 f5 18. f4 fxg4 19. Nxg4 Bh5 20. Qe1 Qe7 21. Qg3
Rae8 22. Nxh6+ Kh8 23. Nf5 Qf6 24. Rae1 Bg6 25. Nd6 Bxd3 26. Nxe8 Rxe8 27. Rf2
Qf8 28. Kh2 Nf6 29. Rg1 Kg8 30. Rfg2 Re7 31. h4 Be4 32. Rb2 Bf5 33. Qf3 Ne4 34.
Rc2 Ng5 35. hxg5 Bxc2 36. g6 Re6 37. Qh5 Qf6 38. Qh7+ Kf8 39. Rg5 Bxg6 40. Qh8+
Kf7 41. Qb8 Rxe3 42. Qxb7+ Re7 {White resigns} 0-1

[Event "Team 45 45 League T40"]
[Site "Internet Chess Club"]
[Date "2009.02.02"]
[Round "1"]
[White "Budzo"]
[Black "chess9397"]
[Result "0-1"]
[WhiteElo "1801"]
[BlackElo "1893"]
[Opening "QGD semi-Slav: Stoltz variation"]
[ECO "D45"]
[Time "19:31:31"]
[TimeControl "2700+45"]

1. Nf3 Nf6 2. d4 d5 3. c4 c6 4. Nc3 e6 5. e3 Nbd7 6. Qc2 Be7 7. b3 O-O 8. Bd3
dxc4 9. bxc4 c5 10. O-O b6 11. d5 exd5 12. cxd5 Bb7 13. e4 Bd6 14. Nb5 Ne5 15.
Qe2 Nxf3+ 16. Qxf3 Be5 17. Rb1 a6 18. Na3 b5 19. Bf4 Qc7 20. Bxe5 Qxe5 21. Rfc1
Qc7 22. Qe3 Rac8 23. f3 Rfe8 24. Qf2 Nd7 25. Nc2 c4 26. Be2 f5 27. Qe3 fxe4 28.
fxe4 Bxd5 29. Bf3 Nf6 30. Qd4 Bxe4 31. Bxe4 Rxe4 32. Qd2 Rd8 33. Qf2 Ng4 34. Qg3
Qxg3 35. hxg3 Re2 36. a4 Rdd2 37. Ne1 Ne3 38. axb5 axb5 39. Rxb5 Nxg2 40. Nxg2
Rxg2+ 41. Kf1 Rc2 42. Ra1 Rxg3 43. Rb8+ Kf7 44. Rb6 Re3 {White resigns} 0-1

[Event "Team 45 45 League T40"]
[Site "Internet Chess Club"]
[Date "2009.02.01"]
[Round "1"]
[White "Duguesclin"]
[Black "bmw2002"]
[Result "1-0"]
[WhiteElo "1674"]
[BlackElo "1649"]
[Opening "King's Indian: Four pawns attack, dynamic line"]
[ECO "E76"]
[Time "08:34:53"]
[TimeControl "2700+45"]

1. d4 Nf6 2. c4 g6 3. Nc3 Bg7 4. e4 d6 5. f4 c5 6. d5 O-O 7. Nf3 Na6 8. a3 Bd7
9. Bd3 Nc7 10. O-O a6 11. Qb3 Rb8 12. a4 Qe8 13. a5 Nh5 14. e5 Bg4 15. exd6 exd6
16. Bd2 Qd7 17. Rae1 Rfe8 18. Rxe8+ Nxe8 19. Qb6 Nef6 20. Ng5 h6 21. Nge4 Nxe4
22. Nxe4 Bd4+ 23. Kh1 Rd8 24. Bc3 Be3 25. Nf6+ Nxf6 26. Bxf6 Re8 27. f5 g5 28.
h3 Bxh3 29. gxh3 Bf4 30. Kg2 Re3 31. Rf3 Re1 32. h4 Kh7 33. hxg5 Bxg5 34. Bxg5
hxg5 35. f6+ Kg8 36. Bf5 Qe8 37. Qxd6 Qe2+ 38. Rf2 Qh5 39. Qd8+ Re8 40. Qxe8#
{Black checkmated} 1-0

[Event "Team 45 45 League T40"]
[Site "Internet Chess Club"]
[Date "2009.01.28"]
[Round "1"]
[White "BrerRabbit"]
[Black "KAKTUS"]
[Result "1-0"]
[WhiteElo "1610"]
[BlackElo "1591"]
[Opening "English opening"]
[ECO "A10"]
[Time "19:00:41"]
[TimeControl "2700+45"]

1. c4 b6 2. Nc3 Bb7 3. e4 e6 4. Nge2 Nf6 5. d3 Bb4 6. g3 d5 7. Qa4+ Nc6 8. a3
Bxc3+ 9. Nxc3 dxc4 10. dxc4 O-O 11. Bg2 Ne5 12. O-O Qd3 13. Bf4 Nf3+ 14. Bxf3
Qxf3 15. Qd1 Qxd1 16. Raxd1 Nxe4 17. Nxe4 Bxe4 18. Rd7 c5 19. Rfd1 Bf3 20. R1d2
f6 21. Rc7 e5 22. Be3 Rf7 23. Rdd7 Rxd7 24. Rxd7 Be2 25. b3 Bd1 {Black resigns}
1-0

[Event "Team 45 45 League T40"]
[Site "Internet Chess Club"]
[Date "2009.02.02"]
[Round "1"]
[White "UriahHeep"]
[Black "zepled37"]
[Result "0-1"]
[WhiteElo "1469"]
[BlackElo "1567"]
[Opening "Queen's pawn game"]
[ECO "D05"]
[Time "18:30:14"]
[TimeControl "2700+45"]

1. d4 d5 2. Nf3 Nf6 3. e3 e6 4. c4 Be7 5. Nbd2 O-O 6. Bd3 c5 7. O-O Nc6 8. Nb3
dxc4 9. Bxc4 cxd4 10. Nbxd4 Nxd4 11. exd4 Qc7 12. b3 Rd8 13. Bg5 h6 14. Bh4 a6
15. Bg3 Bd6 16. Rc1 Qe7 17. Re1 Bxg3 18. hxg3 b5 19. Bf1 Bb7 20. Nh4 Qd6 21. Nf3
Bxf3 22. Qxf3 Qxd4 23. Red1 Qg4 24. Rxd8+ Rxd8 25. Qb7 Qg5 26. Rc8 Rxc8 27.
Qxc8+ Kh7 28. Qxa6 b4 29. Qd3+ Qg6 30. Qxg6+ Kxg6 31. Bc4 Kf5 32. Kf1 Ke5 33. f3
Nd5 34. Ke2 Nc3+ 35. Kd2 Nxa2 36. Kd3 g5 37. g4 f5 38. Ke3 Nc3 39. Bd3 Nd5+ 40.
Kf2 fxg4 41. fxg4 Kf4 42. Be2 Nc3 43. g3+ Ke4 44. Bc4 e5 45. Bf7 Kd3 46. Bg6+
Kd2 47. Bf5 e4 48. Be6 e3+ {White resigns} 0-1

[Event "Team 45 45 League T40"]
[Site "Internet Chess Club"]
[Date "2009.02.01"]
[Round "1"]
[White "Zyme"]
[Black "gladius"]
[Result "0-1"]
[WhiteElo "1414"]
[BlackElo "1470"]
[Opening "QGD semi-Slav: 5.e3"]
[ECO "D45"]
[Time "22:13:06"]
[TimeControl "2700+45"]

1. d4 d5 2. c4 c6 3. Nf3 Nf6 4. Nc3 e6 5. e3 Bd6 6. cxd5 exd5 7. Bd3 O-O 8. O-O
Bg4 9. Re1 Re8 10. e4 dxe4 11. Nxe4 Nxe4 12. Bxe4 Qc7 13. Bxh7+ Kf8 14. Rxe8+
Kxe8 15. Qe1+ Kf8 16. Ne5 Bh5 17. Be4 Bxe5 18. dxe5 Qxe5 19. Bd2 Nd7 20. Bc3 Qe6
21. b3 Re8 22. f3 Nf6 23. Bc2 Qd6 24. Qf2 Nd5 25. Rd1 b6 26. Be4 Qe6 27. Bb2 Nf6
28. Bc3 Nxe4 29. fxe4 Bxd1 {White resigns} 0-1

[Event "Team 45 45 League T40"]
[Site "Internet Chess Club"]
[Date "2009.01.31"]
[Round "1"]
[White "sra66"]
[Black "lmadueno"]
[Result "0-1"]
[WhiteElo "1623"]
[BlackElo "1623"]
[Opening "King's Indian: orthodox, Aronin-Taimanov variation (Yugoslav attack / Mar del Plata variation)"]
[ECO "E97"]
[Time "20:14:11"]
[TimeControl "2700+45"]

1. d4 Nf6 2. c4 d6 3. Nc3 g6 4. e4 Bg7 5. Nf3 Nc6 6. Be2 O-O 7. O-O e5 8. Bg5 h6
9. Bh4 Kh7 10. h3 Qe8 11. Bxf6 Bxf6 12. Nd5 Qd8 13. Qd2 Bg7 14. dxe5 Nxe5 15.
Rab1 f5 16. Nxe5 dxe5 17. Qc2 f4 18. Rfd1 Qg5 19. Kh2 Qh4 20. Bf1 c6 21. Nc3 Be6
22. b3 g5 23. Rd3 g4 24. g3 fxg3+ 25. fxg3 Qe7 26. Rbd1 Rf7 27. h4 Raf8 28. Kg1
Qc5+ 29. Kh1 Rxf1+ 30. Rxf1 Rxf1+ 31. Kg2 Qg1# {White checkmated} 0-1

[Event "Team 45 45 League T40"]
[Site "Internet Chess Club"]
[Date "2009.02.01"]
[Round "1"]
[White "isolani"]
[Black "oldsj"]
[Result "1-0"]
[WhiteElo "1719"]
[BlackElo "1596"]
[Opening "King's Indian: Andersson variation"]
[ECO "E92"]
[Time "10:00:34"]
[TimeControl "2700+45"]

1. d4 Nf6 2. Nf3 g6 3. c4 Bg7 4. Nc3 O-O 5. e4 d6 6. Be2 e5 7. dxe5 dxe5 8. Qxd8
Rxd8 9. Bg5 h6 10. Bxf6 Bxf6 11. Nd5 Rxd5 12. cxd5 c6 13. Rc1 Bg4 14. Nd2 Bxe2
15. Kxe2 Be7 16. Nc4 cxd5 17. Nxe5 dxe4 18. Rc8+ {Black resigns} 1-0

[Event "Team 45 45 League T40"]
[Site "Internet Chess Club"]
[Date "2009.02.01"]
[Round "1"]
[White "Berkshires"]
[Black "Sapienza"]
[Result "0-1"]
[WhiteElo "1518"]
[BlackElo "1579"]
[Opening "Philidor: Nimzovich (Jaenisch) variation"]
[ECO "C43"]
[Time "11:00:40"]
[TimeControl "2700+45"]

1. e4 e5 2. Nf3 Nf6 3. d4 d6 4. Nc3 Bg4 5. dxe5 Bxf3 6. Qxf3 dxe5 7. Bg5 Be7 8.
Rd1 Nbd7 9. Bxf6 Bxf6 10. Nd5 c6 11. Nxf6+ Qxf6 12. Qg4 Rd8 13. b4 Qf4 14. Be2
Qxg4 15. Bxg4 Nf6 16. Rxd8+ Kxd8 17. Bf3 g5 18. g3 g4 19. Bg2 Kc7 20. O-O Rd8
21. c3 Rd3 22. Rc1 Nd7 23. a4 Nb6 24. a5 Na4 25. c4 Rc3 26. Rxc3 Nxc3 27. f3
gxf3 28. Bxf3 Na2 29. b5 cxb5 30. cxb5 Nc3 31. Bh5 f6 32. Kf2 Nxe4+ 33. Ke3 Nc3
34. Be8 Kd6 35. Kd3 Nd5 36. Kc4 Ne3+ 37. Kd3 Nf1 38. Bh5 Nxh2 39. Ke2 Kc5 40. b6
axb6 41. axb6 Kxb6 42. Kf2 Kc5 43. Kg2 b5 44. Kxh2 b4 45. Bf7 Kd4 46. Bg8 h6 47.
Kg2 Kc3 48. Kf2 b3 49. Ke2 Kc2 50. Bh7+ Kc1 51. Kf3 b2 52. Bf5 b1=Q 53. Bxb1
Kxb1 54. g4 Kc2 55. Ke4 Kd2 56. Kf5 Kd3 57. Kxf6 e4 58. Kg6 e3 59. Kxh6 e2 60.
g5 e1=Q 61. g6 Qe6 62. Kh7 Qf5 63. Kh6 Qh3+ 64. Kg7 Ke4 65. Kf6 Qh6 66. Kf7 Qh5
67. Kf6 Qf5+ 68. Kg7 Ke5 69. Kh6 Qf6 70. Kh7 Qh4+ 71. Kg7 Kf5 72. Kf7 Qf6+ 73.
Kg8 Qxg6+ 74. Kf8 Qa6 75. Ke7 Ke5 76. Kd7 Qb6 77. Kc8 Qa7 78. Kd8 Kd6 {White
resigns} 0-1